 Dungeon Crawl Stone Soup version 0.25-a0-365-g7600c65 (webtiles) character file.

Game seed: 15591137263290995468, levelgen mode: deterministic

11 Birdy the Sneak (level 2, 0/15 HPs)
             Began as a Vine Stalker Assassin on Jan 5, 2020.
             Slain by a jackal (3 damage)
             ... on level 2 of the Dungeon.
             The game lasted 00:01:39 (805 turns).

Birdy the Sneak (Vine Stalker Assassin)              Turns: 805, Time: 00:01:39

Health: 0/15       AC:  5    Str: 13    XL:     2   Next: 25%
Magic:  0/3        EV: 11    Int: 11    God:
Gold:   80         SH:  0    Dex: 15    Spells: 1/1 levels left

rFire    . . .     SeeInvis .   a - +2 dagger
rCold    . . .     Gourm    .   (no shield)
rNeg     . . .     Faith    .   m - +0 leather armour
rPois    .         Spirit   +   h - +0 helmet
rElec    .         Reflect  .   c - +0 cloak
rCorr    .         Harm     .   (no gloves)
MR       .....                  (no boots)
Stlth    +++.......             (no amulet)
HPRegen  0.05/turn              (no ring)
MPRegen  0.08/turn              (no ring)

@: no status effects
A: fangs 2, magic shield, antimagic bite, no potion heal 3, rot immunity
a: no special abilities


You were on level 2 of the Dungeon.
You were not hungry.

You visited 1 branch of the dungeon, and saw 2 of its levels.

You collected 80 gold pieces.

Inventory:

Hand Weapons
 a - a +2 dagger (weapon)
Missiles
 d - 8 poisoned darts (quivered)
 e - 2 curare-tipped darts
 n - a throwing net
Armour
 c - a +0 cloak (worn)
 h - a +0 helmet (worn)
 m - a +0 leather armour (worn)
 o - a +0 pair of boots
Scrolls
 b - a scroll of remove curse {unknown}
 g - a scroll of noise {unknown}
 i - a scroll of enchant weapon {unknown}
 j - a scroll of teleportation {unknown}
 l - a scroll of magic mapping {unknown}
Comestibles
 f - 2 rations


   Skills:
 + Level 1.9 Fighting
 + Level 2.0 Short Blades
 - Level 1.7 Throwing
 + Level 0.3 Armour
 + Level 1.0 Dodging
 + Level 4.9 Stealth
 + Level 0.4 Spellcasting


You had one spell level left.
You didn't know any spells.
Your spell library was empty.

Dungeon Overview and Level Annotations

Branches:
Dungeon (2/15)

Altars:


Innate Abilities, Weirdness & Mutations

You have extremely sharp teeth.
When hurt, damage is shared between your health and your magic reserves.
Your bite disrupts and absorbs the magic of your enemies.
Potions cannot restore your health.
You are immune to rotting.


Message History

An adder comes into view.
The jackal closely misses you.
The jackal bites you but does no damage. x2
A frilled lizard comes into view.
The jackal bites you but does no damage.
The jackal bites you.
* * * LOW HITPOINT WARNING * * *
The jackal closely misses you. The jackal barely misses you.
The jackal barely misses you.
The jackal bites you but does no damage.
There is a stone staircase leading up here.
It was a potion of curing.
That felt strangely inert.
The jackal closely misses you.
The jackal bites you but does no damage.
The jackal barely misses you.
The frilled lizard unfolds its giant frill.
The jackal bites you.
* * * LOW HITPOINT WARNING * * *
The jackal bites you.
You die...

## #.######
#......# ## #.#@##
.# #.hhh# .##
..##l#g.####..## #
......g........#..
.....#..........)#
......#............
...................
......#.##........#
.......###.......#


You could see 3 jackals, 2 goblins and a frilled lizard.

Vanquished Creatures
  A dart slug (D:1)
  A giant cockroach (D:1)
  A goblin (D:1)
  2 bats
  2 frilled lizards (D:1)
  A kobold (D:1)
  2 rats (D:1)
10 creatures vanquished.

Notes
Turn   | Place    | Note
-------+----------+-------------------------------------------
     0 | D:1      | Birdy the Vine Stalker Assassin began the quest for the
                  | Orb.
     0 | D:1      | Reached XP level 1. HP: 11/11 MP: 2/2
   443 | D:1      | Reached skill level 1 in Dodging
   443 | D:1      | Reached XP level 2. HP: 15/15 MP: 3/3
   805 | D:2      | Slain by a jackal

Levels and vault maps discovered:
D:1:      dpeg_arrival_castle, layout_loops_ring
D:2:      minmay_razor_zed, layout_rooms, lemuel_doored_altar,
          chequers_ecumenical_altar_island, uniq_crazy_yiuf_cottage, uniq_robin

Skill      XL: |  1 |
---------------+----+-----
Short Blades   | 2 |  2.0
Dodging        | 1 |  1.0
Fighting       | |  1.9
Throwing       | |  1.7
Armour         | |  0.3
Stealth        | |  4.9
Spellcasting   | |  0.4

Action                   || total
-------------------------++-------
Melee: Dagger            ||    21
       Bite              ||     5
  Use: Potion            ||     1
 Stab: Sleeping          ||     2
Armor: Robe              ||     5
       Leather armour    ||    21
Dodge: Dodged            ||    39

Table legend:
 A = Non-vault XP
 B = Vault XP
 C = Vault XP percentage of total XP
 D = Non-vault monster count
 E = Vault monster count
 F = Vault count percentage of total count
                 A         B        C        D         E       F
            +---------+---------+-------+---------+---------+-------
      Total |      16 |       0 |   0.0 |      10 |       0 |   0.0
            +---------+---------+-------+---------+---------+-------
        D:1 |      14 |       0 |   0.0 |       9 |       0 |   0.0
        D:2 |       2 |       0 |   0.0 |       1 |       0 |   0.0
            +---------+---------+-------+---------+---------+-------
